 Dungeon Sprint DCSS version 0.26-a0-712-ga5a9c9c9d0 (webtiles) character file.

Game seed: 2568844206937979148

14 mhtbhm the Shield-Bearer (level 2, 0/42 HPs)
             Began as a Minotaur Fighter on Oct 31, 2020.
             Was a Follower of Trog.
             Slain by a gnoll
             ... wielding a +0 whip
              (7 damage)
             ... while paralysed by a floating eye
             ... in the Dungeon (Sprint VII: "The Pits").
             The game lasted 00:00:32 (280 turns).

mhtbhm the Shield-Bearer (Minotaur Fighter)          Turns: 280, Time: 00:00:32

Health: 0/42       AC:  7    Str: 20    XL:     2   Next: 31%
Magic:  1/1        EV:  2    Int:  5    God:    Trog [*.....]
Gold:   0          SH:  0    Dex:  9    Spells: 1/1 levels left

rFire    . . .     SeeInvis .   a - +2 hand axe
rCold    . . .     Faith    .   c - +0 kite shield
rNeg     . . .     Spirit   .   b - +0 scale mail
rPois    .         Reflect  .   (helmet restricted)
rElec    .         Harm     .   (no cloak)
rCorr    .         Rampage  .   (no gloves)
MR       .....     NoTele   +   (no boots)
Stlth    ..........             (no amulet)
HPRegen  0.14/turn              (no ring)
MPRegen  0.07/turn              (no ring)

@: paralysed, berserking
A: retaliatory headbutt, horns 2
a: Berserk, Renounce Religion


You were in the Dungeon.
You worshipped Trog.
Trog was aware of your devotion.
You visited 1 branch

Inventory:

Hand Weapons
 a - a +2 hand axe (weapon)
Armour
 b - a +0 scale mail (worn)
 c - a +0 kite shield (worn)
Scrolls
 j - a scroll of blinking
 l - 3 scrolls of remove curse
 m - 5 scrolls of amnesia
 n - a scroll of summoning
Potions
 d - a potion of might
 e - a potion of curing
 f - a potion of heal wounds
 g - a potion of haste
 h - 4 potions of magic
 i - 3 potions of berserk rage
 k - 2 potions of invisibility


   Skills:
 + Level 4.6 Fighting
 + Level 3.1 Axes
 + Level 4.7 Armour
 + Level 0.2 Dodging
 + Level 4.8 Shields


You had one spell level left.
You didn't know any spells.
Your spell library was empty.

Dungeon Overview and Level Annotations

Branches:
Dungeon (1/1)

Altars:
Cheibriados
Dithmenos
Elyvilon
Fedhas
Gozag
Hepliaklqana
Makhleb
Nemelex Xobeh
Okawaru
Qazlal
Ru
Sif Muna
Trog
Vehumet
Wu Jian
Xom
Yredelemnul
Zin
The Shining One
Beogh
Jiyva
Lugonu


Innate Abilities, Weirdness & Mutations

You reflexively headbutt those who attack you in melee.
You have a pair of horns on your head.


Message History

There is an open door here.
A floating eye, an orc and an orc wizard come into view.
The orc shouts!
The orc priest hits you with a +0 flail.
You slash the floating eye!
The floating eye is heavily wounded.
You hit the orc priest. You closely miss the gnoll.
You block the gnoll's attack.
The floating eye's stare focuses on you.
The orc priest calls down the wrath of Beogh upon you.
Pain shoots through your body!
* * * LOW HITPOINT WARNING * * *
Unknown command.
Unknown command.
A red film seems to cover your vision as you go berserk!
You feel yourself moving faster!
You feel mighty! You block the gnoll's attack.
The floating eye gazes piercingly through you!
You suddenly lose the ability to move!
The gnoll hits you with a +0 whip!
You die...

#...........'........
#+#####'#####......#.
#..#..# #........
#..'..# ####'####
#..#### #.......#
#..#..# #.......#
#..#o.# #.......#
##'#G.#+###...<...#
#.@g.o...##.......#
#..og....##.......#
###########.......#
#########


You could see a floating eye, an orc priest, an orc wizard, a gnoll and a
goblin.

Vanquished Creatures
  An ooze (D)
  An adder skeleton (D)
  An adder zombie (D)
  A hobgoblin (D)
  A quokka (D)
  A jackal skeleton (D)
6 creatures vanquished.

Notes
Turn   | Place    | Note
-------+----------+-------------------------------------------
     0 | D        | mhtbhm the Minotaur Fighter began the quest for the Orb.
     0 | D        | Reached XP level 1. HP: 19/19 MP: 0/0
    24 | D        | Found a bloodstained altar of Trog.
    24 | D        | Found a shimmering blue altar of Sif Muna.
    24 | D        | Found a viscous altar of Jiyva.
    24 | D        | Found a hazy altar of Hepliaklqana.
    24 | D        | Found an opulent altar of Gozag.
    25 | D        | Found a glowing golden altar of the Shining One.
    25 | D        | Found a glowing silver altar of Zin.
    25 | D        | Found a basalt altar of Yredelemnul.
    25 | D        | Found a shimmering altar of Xom.
    25 | D        | Found an ornate altar of the Wu Jian Council.
    25 | D        | Found a sacrificial altar of Ru.
    25 | D        | Found a stormy altar of Qazlal.
    25 | D        | Found an iron altar of Okawaru.
    25 | D        | Found a sparkling altar of Nemelex Xobeh.
    25 | D        | Found a burning altar of Makhleb.
    25 | D        | Found a blossoming altar of Fedhas.
    25 | D        | Found a white marble altar of Elyvilon.
    25 | D        | Found a shadowy altar of Dithmenos.
    25 | D        | Found a snail-covered altar of Cheibriados.
    27 | D        | Found a radiant altar of Vehumet.
    27 | D        | Found a corrupted altar of Lugonu.
    27 | D        | Found a roughly hewn altar of Beogh.
    59 | D        | Became a worshipper of Trog the Wrathful
   132 | D        | Reached * piety under Trog
   134 | D        | Reached XP level 2. HP: 28/28 MP: 1/1
   276 | D        | Noticed a floating eye
   279 | D        | Paralysed by a floating eye for 4 turns
   280 | D        | Slain by a gnoll

Illustrated notes

Levels and vault maps discovered:
D:        pitsprint [storerooms_1, entrance_room_1, metal_vault_5, armoury_1,
          mini_pit_1, grid_room_1, main_hall_1, silver_pit, the_coven_2,
          the_vestibule_1, steel_vault_3, golden_pit, hallway_of_sentries,
          crystal_vault_2, iron_vault_3, final_vault]

Skill      XL: |  1 |
---------------+----+-----
Fighting       | 4 |  4.6
Armour         | 4 |  4.7
Shields        | 4 |  4.8
Axes           | 3 |  3.1
Dodging        | |  0.2

Action                   || total
-------------------------++-------
Melee: Hand axe          ||    22
       War axe           ||     5
       Headbutt          ||     3
Invok: Berserk           ||     1
Armor: Scale mail        ||    14
Dodge: Dodged            ||     8
Block: Kite shield       ||    15

Table legend: (Time is in decaauts)
 A = Elapsed time spent in this place.
 B = Non-inter-level travel time spent in this place.
 C = Inter-level travel time spent in this place.
 D = Time resting spent in this place.
 E = Time spent auto-exploring this place.
 F = Levels seen in this place.
 G = Mean time per level.
                   A        B        C        D        E       F      G
               +--------+--------+--------+--------+--------+-----+--------+
         Total |    286 |    286 |      0 |    158 |      0 |   1 |  286.0 |
       Dungeon |    286 |    286 |      0 |    158 |      0 |   1 |  286.0 |
               +--------+--------+--------+--------+--------+-----+--------+

Top non-repeatable levels by time:
       D: 286 daAuts
